TOP OF THE 1ST |
Augusta GreenJackets batting - Pitching for Delmarva Shorebirds : RHP Jeff Steward
|
Pitching: RHP Jeff Steward
|
|
Batting: SHB Justin Rowell
|
0-0: Swinging Strike 0-1: Ball 1-1: Ground out 4-3 (Groundball, 4, EV 88.1 MPH)
|
Batting: RHB Larry Bogdanski
|
0-0: Fly out, F9 (Flyball, 89M, EV 92.5 MPH)
|
Batting: RHB Jim White
|
0-0: Fly out, F9 (Flyball, 9, EV 93.8 MPH)
|
Top of the 1st over - 0 runs, 0 hits, 0 errors, 0 left on base; Augusta 0 - Delmarva 0 |
BOTTOM OF THE 1ST |
Delmarva Shorebirds batting - Pitching for Augusta GreenJackets : LHP Chase Gomm
|
Pitching: LHP Chase Gomm
|
|
Batting: LHB Ali Perry
|
0-0: Fly out, F9 (Flyball, 89D, EV 95.0 MPH)
|
Batting: LHB Danny Walch
|
0-0: Called Strike 0-1: Ball 1-1: Ball 2-1: DOUBLE (Line Drive, 89M, EV 99.4 MPH)
|
Batting: RHB Antonio Cardenas
|
0-0: Ball 1-0: Ball 2-0: Ball 3-0: Base on Balls
|
Batting: SHB Pat Fisher
|
0-0: Ball 1-0: Called Strike 1-1: Grounds into double play, 6-4-3 (Groundball, 6, EV 84.4 MPH)
|
Bottom of the 1st over - 0 runs, 1 hit, 0 errors, 1 left on base; Augusta 0 - Delmarva 0 |
TOP OF THE 2ND |
Augusta GreenJackets batting - Pitching for Delmarva Shorebirds : RHP Jeff Steward
|
Batting: RHB Jon Monte
|
0-0: Foul Ball, location: 2F 0-1: Called Strike 0-2: Ball 1-2: Ground out 5-3 (Groundball, 56, EV 88.8 MPH)
|
Batting: RHB Landon Hibbler
|
0-0: Ball 1-0: Foul Ball, location: 5DF 1-1: Foul Ball, location: 9LSF 1-2: Foul Ball, location: 23F 1-2: Strikes out swinging
|
Batting: LHB Alex Perez
|
0-0: Swinging Strike 0-1: Ball 1-1: Fly out, F7 (Flyball, 78M, EV 91.3 MPH)
|
Top of the 2nd over - 0 runs, 0 hits, 0 errors, 0 left on base; Augusta 0 - Delmarva 0 |
BOTTOM OF THE 2ND |
Delmarva Shorebirds batting - Pitching for Augusta GreenJackets : LHP Chase Gomm
|
Batting: RHB Aaron Freaney
|
0-0: Ball 1-0: Ball 2-0: SINGLE (Groundball, 34D, EV 97.5 MPH)
|
Batting: RHB Matt Woods
|
0-0: Ball 1-0: Ball 2-0: Called Strike 2-1: Swinging Strike 2-2: Hit by Pitch Aaron Freaney to second
|
Batting: LHB Victor Rodriguez
|
0-0: Called Strike 0-1: Ball 1-1: Swinging Strike 1-2: Fly out, F8 (Line Drive, 8LS, EV 101.9 MPH)
|
Batting: RHB R.J. Lower
|
0-0: Called Strike 0-1: Ball 1-1: SINGLE (Groundball, 4MD, EV 98.8 MPH) Aaron Freaney to third Matt Woods to second Runner from 3rd tries for Home, SAFE, throw by CF to home Matt Woods to third R.J. Lower to second
|
Batting: LHB John Williams
|
0-0: Ball 1-0: Ball 2-0: Ground out 4-3 (Groundball, 34, EV 85.0 MPH) Matt Woods scores R.J. Lower to third
|
Batting: LHB Ali Perry
|
0-0: Fly out, F3 (Line Drive, 3L, EV 69.4 MPH)
|
Bottom of the 2nd over - 2 runs, 2 hits, 0 errors, 1 left on base; Augusta 0 - Delmarva 2 |
TOP OF THE 3RD |
Augusta GreenJackets batting - Pitching for Delmarva Shorebirds : RHP Jeff Steward
|
Batting: RHB Tristan Wheeler
|
0-0: Called Strike 0-1: Ball 1-1: Called Strike 1-2: Ball 2-2: Ground out 4-3 (Groundball, 34, EV 98.8 MPH)
|
Batting: SHB Matt Roberts
|
0-0: Ball 1-0: Swinging Strike 1-1: Foul Ball, location: 3SF 1-2: Foul Ball, location: 7LMF 1-2: Strikes out swinging
|
Batting: RHB Ryan McClure
|
0-0: Called Strike 0-1: Ball 1-1: Ball 2-1: Foul Ball, location: 3SF 2-2: Ball 3-2: Foul Ball, location: 2F 3-2: Foul Ball, location: 9LDF 3-2: SINGLE (Groundball, 6MD, EV 104.4 MPH)
|
Batting: SHB Justin Rowell
|
0-0: Ball 1-0: Swinging Strike 1-1: Ball 2-1: Ball Ryan McClure is caught stealing 2nd base 2-6
|
Top of the 3rd over - 0 runs, 1 hit, 0 errors, 0 left on base; Augusta 0 - Delmarva 2 |
BOTTOM OF THE 3RD |
Delmarva Shorebirds batting - Pitching for Augusta GreenJackets : LHP Chase Gomm
|
Batting: LHB Danny Walch
|
0-0: Ball 1-0: Swinging Strike 1-1: Swinging Strike 1-2: Strikes out swinging
|
Batting: RHB Antonio Cardenas
|
0-0: Ball 1-0: Ground out 6-3 (Groundball, 6, EV 83.8 MPH)
|
Batting: SHB Pat Fisher
|
0-0: Foul Ball, location: 3SF 0-1: Ball 1-1: Swinging Strike 1-2: Strikes out swinging
|
Bottom of the 3rd over - 0 runs, 0 hits, 0 errors, 0 left on base; Augusta 0 - Delmarva 2 |
TOP OF THE 4TH |
Augusta GreenJackets batting - Pitching for Delmarva Shorebirds : RHP Jeff Steward
|
Batting: SHB Justin Rowell
|
0-0: Ball 1-0: Swinging Strike 1-1: Foul Ball, location: 2F 1-2: Ball 2-2: Ball 3-2: SINGLE (Line Drive, 6M, EV 95.0 MPH)
|
Batting: RHB Larry Bogdanski
|
0-0: Called Strike 0-1: Called Strike 0-2: Ball 1-2: Strikes out swinging
|
Batting: RHB Jim White
|
0-0: Ball 1-0: Swinging Strike 1-1: Foul Ball, location: 9LSF 1-2: Ball 2-2: Grounds into double play, 6-4-3 (Groundball, 56, EV 91.9 MPH)
|
Top of the 4th over - 0 runs, 1 hit, 0 errors, 0 left on base; Augusta 0 - Delmarva 2 |
BOTTOM OF THE 4TH |
Delmarva Shorebirds batting - Pitching for Augusta GreenJackets : LHP Chase Gomm
|
Batting: RHB Aaron Freaney
|
0-0: Fly out, F9 (Line Drive, 9S, EV 105.0 MPH)
|
Batting: RHB Matt Woods
|
0-0: Ball 1-0: Ball 2-0: Foul Ball, location: 9LSF 2-1: Swinging Strike 2-2: Ground out 5-3 (Groundball, 56S, EV 69.4 MPH)
|
Batting: LHB Victor Rodriguez
|
0-0: Ball 1-0: Ball 2-0: Foul Ball, location: 23FF 2-1: Foul Ball, location: 5SF 2-2: Ball 3-2: Foul Ball, location: 25FF 3-2: Base on Balls
|
Batting: RHB R.J. Lower
|
0-0: Ball 1-0: Ball 2-0: Ball 3-0: Called Strike 3-1: Ground out 1-3 (Groundball, 23, EV 69.4 MPH)
|
Bottom of the 4th over - 0 runs, 0 hits, 0 errors, 1 left on base; Augusta 0 - Delmarva 2 |
TOP OF THE 5TH |
Augusta GreenJackets batting - Pitching for Delmarva Shorebirds : RHP Jeff Steward
|
Batting: RHB Jon Monte
|
0-0: Ball 1-0: SINGLE (Groundball, 4D, EV 96.9 MPH)
|
Batting: RHB Landon Hibbler
|
0-0: Foul Ball, location: 5F 0-1: Ball 1-1: Fly out, F6 (Popup, 4MD, EV 43.8 MPH)
|
Batting: LHB Alex Perez
|
0-0: Foul Ball, location: 23FF 0-1: Foul Ball, location: 5FF 0-2: Foul Ball, location: 2F 0-2: Strikes out swinging
|
Batting: RHB Tristan Wheeler
|
0-0: Ball Jon Monte steals 2nd base 1-0: Called Strike 1-1: Ball 2-1: Called Strike 2-2: Ball 3-2: Base on Balls
|
Batting: SHB Matt Roberts
|
0-0: Ball 1-0: Called Strike 1-1: Foul Ball, location: 23F 1-2: Foul Ball, location: 7LDF 1-2: Strikes out swinging
|
Top of the 5th over - 0 runs, 1 hit, 0 errors, 2 left on base; Augusta 0 - Delmarva 2 |
BOTTOM OF THE 5TH |
Delmarva Shorebirds batting - Pitching for Augusta GreenJackets : LHP Chase Gomm
|
Batting: LHB John Williams
|
0-0: Called Strike 0-1: Foul Ball, location: 25F 0-2: Foul Ball, location: 3FF 0-2: Ball 1-2: Single, Error in OF, E8, batter to second base (Line Drive, 89M, EV 84.4 MPH)
|
Batting: LHB Ali Perry
|
0-0: Ball 1-0: Foul Ball, location: 3SF 1-1: Swinging Strike 1-2: Strikes out swinging
|
Batting: LHB Danny Walch
|
0-0: Ball 1-0: Called Strike 1-1: Called Strike 1-2: Ball 2-2: Ball 3-2: Strikes out swinging
|
Batting: RHB Antonio Cardenas
|
0-0: Called Strike 0-1: Ball 1-1: Fly out, F7 (Line Drive, 7LS, EV 93.1 MPH)
|
Bottom of the 5th over - 0 runs, 1 hit, 1 error, 1 left on base; Augusta 0 - Delmarva 2 |
TOP OF THE 6TH |
Augusta GreenJackets batting - Pitching for Delmarva Shorebirds : RHP Jeff Steward
|
Batting: RHB Ryan McClure
|
0-0: Called Strike 0-1: Called Strike 0-2: Ball 1-2: Foul Ball, location: 3DF 1-2: Ball 2-2: Foul Ball, location: 3FF 2-2: Strikes out looking
|
Batting: SHB Justin Rowell
|
0-0: SINGLE (Groundball, 4D, EV 96.3 MPH)
|
Batting: RHB Larry Bogdanski
|
0-0: Swinging Strike 0-1: Called Strike 0-2: Ball 1-2: Strikes out swinging
|
Batting: RHB Jim White
|
0-0: Swinging Strike 0-1: Swinging Strike 0-2: Ball 1-2: Strikes out swinging
|
Top of the 6th over - 0 runs, 1 hit, 0 errors, 1 left on base; Augusta 0 - Delmarva 2 |
BOTTOM OF THE 6TH |
Delmarva Shorebirds batting - Pitching for Augusta GreenJackets : LHP Chase Gomm
|
Batting: SHB Pat Fisher
|
0-0: Called Strike 0-1: Called Strike 0-2: Foul Ball, location: 2F 0-2: Strikes out swinging
|
Batting: RHB Aaron Freaney
|
0-0: Ground out 6-3 (Groundball, 6, EV 105.0 MPH)
|
Batting: RHB Matt Woods
|
0-0: Swinging Strike 0-1: Foul Ball, location: 5F 0-2: SINGLE (Groundball, 4MD, EV 98.1 MPH)
|
Pitching: RHP Derrick Lowry
|
|
Batting: LHB Victor Rodriguez
|
0-0: 2-RUN HOME RUN (Flyball, 78XD, EV 103.1 MPH), Distance : 408 ft
|
Batting: RHB R.J. Lower
|
0-0: SINGLE (Line Drive, 3D, EV 96.9 MPH)
|
Batting: LHB John Williams
|
0-0: Called Strike 0-1: Ball 1-1: Foul Ball, location: 23F 1-2: Ground out 4-3 (Groundball, 34D, EV 83.8 MPH)
|
Bottom of the 6th over - 2 runs, 3 hits, 0 errors, 1 left on base; Augusta 0 - Delmarva 4 |
TOP OF THE 7TH |
Augusta GreenJackets batting - Pitching for Delmarva Shorebirds : RHP Jeff Steward
|
Batting: RHB Jon Monte
|
0-0: Ball 1-0: Called Strike 1-1: Called Strike 1-2: Strikes out swinging
|
Batting: RHB Landon Hibbler
|
0-0: Called Strike 0-1: Ball 1-1: Called Strike 1-2: Strikes out looking
|
Batting: LHB Alex Perez
|
0-0: Ball 1-0: Ball 2-0: Ball 3-0: Base on Balls
|
Pitching: RHP Jimmy Tebbe
|
|
Batting: RHB Tristan Wheeler
|
0-0: Ball 1-0: Ball 2-0: Called Strike 2-1: Foul Ball, location: 2F 2-2: Ball 3-2: Strikes out looking
|
Top of the 7th over - 0 runs, 0 hits, 0 errors, 1 left on base; Augusta 0 - Delmarva 4 |
BOTTOM OF THE 7TH |
Delmarva Shorebirds batting - Pitching for Augusta GreenJackets : RHP Derrick Lowry
|
Batting: LHB Ali Perry
|
0-0: Ball 1-0: SINGLE (Line Drive, 5D, EV 100.0 MPH)
|
Batting: LHB Danny Walch
|
0-0: Ball 1-0: Fly out, F4 (Line Drive, 4MD, EV 63.1 MPH)
|
Batting: RHB Antonio Cardenas
|
0-0: Ball 1-0: Called Strike 1-1: Ball 2-1: Foul Ball, location: 2F 2-2: Fielders Choice at 2nd, 6-4 (Groundball, 6, EV 81.3 MPH)
|
Batting: SHB Pat Fisher
|
0-0: Called Strike 0-1: Ball 1-1: SINGLE (Groundball, 4MD, EV 97.5 MPH) Antonio Cardenas to second Runner from 2nd tries for 3rd, SAFE, throw by CF made to third Pat Fisher to second
|
Batting: RHB Aaron Freaney
|
0-0: Called Strike 0-1: Ball 1-1: Foul Ball, location: 9LMF 1-2: Strikes out swinging
|
Bottom of the 7th over - 0 runs, 2 hits, 0 errors, 2 left on base; Augusta 0 - Delmarva 4 |
TOP OF THE 8TH |
Augusta GreenJackets batting - Pitching for Delmarva Shorebirds : RHP Jimmy Tebbe
|
Batting: SHB Matt Roberts
|
0-0: Swinging Strike 0-1: Ball 1-1: Foul Ball, location: 5FF 1-2: Strikes out swinging
|
Batting: RHB Ryan McClure
|
0-0: Called Strike 0-1: Ball 1-1: Ball 2-1: Ball 3-1: SINGLE (Groundball, 34D, EV 106.3 MPH) (infield hit)
|
Batting: SHB Justin Rowell
|
0-0: Called Strike 0-1: Foul Ball, location: 3F 0-2: Ball 1-2: Ball 2-2: Strikes out swinging
|
Batting: RHB Larry Bogdanski
|
0-0: Ball 1-0: Swinging Strike 1-1: Foul Ball, location: 2F 1-2: Ball 2-2: Ball 3-2: Foul Ball, location: 9LMF 3-2: Base on Balls Ryan McClure to second
|
Batting: RHB Jim White
|
0-0: Ball 1-0: Ball 2-0: Called Strike 2-1: Ball 3-1: Called Strike 3-2: Strikes out swinging
|
Top of the 8th over - 0 runs, 1 hit, 0 errors, 2 left on base; Augusta 0 - Delmarva 4 |
BOTTOM OF THE 8TH |
Delmarva Shorebirds batting - Pitching for Augusta GreenJackets : RHP Derrick Lowry
|
Batting: RHB Matt Woods
|
0-0: Ball 1-0: Called Strike 1-1: Swinging Strike 1-2: Foul Ball, location: 2F 1-2: Foul Ball, location: 7LMFF 1-2: Strikes out swinging
|
Batting: LHB Victor Rodriguez
|
0-0: Called Strike 0-1: Ball 1-1: Foul Ball, location: 2F 1-2: Strikes out looking
|
Batting: RHB R.J. Lower
|
0-0: Ball 1-0: Ball 2-0: Called Strike 2-1: Swinging Strike 2-2: Foul Ball, location: 7LMF 2-2: Strikes out swinging
|
Bottom of the 8th over - 0 runs, 0 hits, 0 errors, 0 left on base; Augusta 0 - Delmarva 4 |
TOP OF THE 9TH |
Augusta GreenJackets batting - Pitching for Delmarva Shorebirds : RHP Jimmy Tebbe
|
Batting: RHB Jon Monte
|
0-0: Ball 1-0: Ball 2-0: Called Strike 2-1: Ball 3-1: Foul Ball, location: 3F 3-2: Strikes out looking
|
Batting: RHB Landon Hibbler
|
0-0: Ball 1-0: SINGLE (Line Drive, 9LS, EV 98.1 MPH)
|
Batting: LHB Alex Perez
|
0-0: Ball 1-0: Swinging Strike 1-1: Ball 2-1: Called Strike 2-2: Foul Ball, location: 2F 2-2: Strikes out swinging
|
Batting: RHB Tristan Wheeler
|
0-0: Called Strike 0-1: Ball 1-1: Fly out, F8 (Flyball, 78S, EV 85.0 MPH)
|
Top of the 9th over - 0 runs, 1 hit, 0 errors, 1 left on base; Augusta 0 - Delmarva 4 |
|